 Dungeon Sprint DCSS version 0.22-a0-433-gd2a9cce (webtiles) character file.

0 jerryfan the Ducker (level 4, -1/36 HPs)
             Began as a Gnoll Wanderer on May 27, 2018.
             Slain by Sigmund
             ... wielding a +0 scythe
              (12 damage)
             ... in the Dungeon (Sprint VI: "Thunderdome").
             The game lasted 00:04:05 (163 turns).

jerryfan the Ducker (Gnoll Wanderer)                 Turns: 163, Time: 00:04:06

Health: -1/36      AC:  2    Str: 16    XL:     4   Next: 25%
Magic:  9/9        EV: 16    Int: 13    God:
Gold:   200        SH:  0    Dex: 15    Spells: 10/10 levels left

rFire    + . .     SeeInvis .   b - +0 spear
rCold    + . .     Gourm    .   (no shield)
rNeg     . . .     Faith    .   d - +0 robe
rPois    +         Spirit   .   (no helmet)
rElec    +         Reflect  .   (no cloak)
rCorr    +         Harm     .   (no gloves)
MR       .....     NoTele   +   (no boots)
Stlth    ++........             (no amulet)
HPRegen  0.12/turn              (no ring)
MPRegen  0.11/turn              (no ring)

@: resistant, berserk cooldown, hasted and slowed
A: distributed training, fangs 1, strong nose
a: no special abilities


You were in the Dungeon.
You were not hungry.

You visited 1 branch You collected 200 gold pieces.

Inventory:

Hand Weapons
 b - a +0 spear (weapon)
Armour
 d - a +0 robe (worn)
Wands
 l - a wand of acid (4)
 m - a wand of iceblast (5)
Scrolls
 c - a scroll of teleportation
 k - 4 scrolls of blinking
 n - 3 scrolls of fog
Potions
 e - a potion of curing
 g - 2 potions of heal wounds
 h - 3 potions of haste
 i - 2 potions of magic
Comestibles
 f - a ration
 o - a chunk of flesh


   Skills:
 + Level 3.6 Fighting
 + Level 2.5 Short Blades
 + Level 2.5 Long Blades
 + Level 2.5 Axes
 + Level 2.5 Maces & Flails
 + Level 3.6 Polearms
 + Level 2.5 Staves
 + Level 2.5 Slings
 + Level 2.5 Bows
 + Level 2.5 Crossbows
 + Level 2.5 Throwing
 + Level 2.5 Armour
 + Level 7.0 Dodging
 + Level 2.5 Stealth
 + Level 2.5 Shields
 + Level 2.5 Unarmed Combat
 + Level 3.8 Spellcasting
 + Level 2.0 Conjurations
 + Level 2.0 Hexes
 + Level 2.0 Charms
 + Level 2.0 Summonings
 + Level 2.0 Necromancy
 + Level 4.3 Translocations
 + Level 2.0 Transmutations
 + Level 2.0 Fire Magic
 + Level 2.0 Ice Magic
 + Level 2.0 Air Magic
 + Level 2.0 Earth Magic
 + Level 2.0 Poison Magic
 + Level 2.7 Invocations
 + Level 5.2 Evocations


You had 10 spell levels left.
You didn't know any spells.
Your spell library contained the following spells:

 Spells                   Type           Power        Failure   Level  Hunger
 Magic Dart               Conj           #...         9%          1    #......
 Conjure Flame            Conj/Fire      #.......     26%         3    ###....
 Slow                     Hex            #.......     14%         2    ##.....
 Mephitic Cloud           Conj/Pois/Air  #.......     26%         3    ###....
 Blink                    Tloc           N/A          5%          2    ##.....
 Call Imp                 Summ           #.......     14%         2    ##.....


Dungeon Overview and Level Annotations

Branches:
Dungeon (1/1)

Altars:
Cheibriados
Dithmenos
Fedhas
Gozag
Kikubaaqudgha
Qazlal
Ru
Sif Muna
Trog
Uskayaw
Vehumet
Wu Jian
Xom
Yredelemnul
Beogh
Jiyva

Shops:
D *[%?**[(

Annotations:
D Sigmund


Innate Abilities, Weirdness & Mutations

Your experience applies equally to all skills.
You have very sharp teeth.
Your uncanny sense of smell can sniff out nearby items.


Message History

You closely miss something. You closely miss something.
You are no longer berserk.
You are exhausted.
You feel yourself slow down. Something barely misses you.
You closely miss something. You hit something but do no damage.
Something barely misses you.
You hit something.
You hear some strange, mumbled words.
Something tries to affect you, but you resist.
You miss something. Something hits you!
You barely miss something. You closely miss something.
You hear some strange, mumbled words.
Something tries to affect you, but you resist.
You hit something. Your bite misses something. Something hits you.
You hit something but do no damage. Your bite misses something.
You hit something. Something barely misses you.
You hit something but do no damage. Something hits you!
You die...

#_....... ###.........###
#⌠........ ..⌠#
######.8.........8.#
##∩___......# .....
###∩........8.# .8......
##.............###.........
#⌠..........###...# ......
#⌠.......)@.# #.<.# ......
#⌠..........###...###......
##.............###.........
###∩........8.# #.8.......
##∩.__......###......___
######.8.........8.###
#⌠...........⌠#
###.........### #_........#


There were no monsters in sight!

Vanquished Creatures
  A hound (D)
  Terence (D)
  2 adders (D)
4 creatures vanquished.

Notes
Turn   | Place    | Note
-------+----------+-------------------------------------------
     0 | D        | jerryfan the Gnoll Wanderer began the quest for the Orb.
     0 | D        | jerryfan set off with: a +0 spear, a scroll of teleportation, a +0 robe, a potion of curing, a ration, a potion of heal wounds, a potion of haste, 2 potions of magic, a potion of berserk rage, a scroll of blinking
     0 | D        | Reached XP level 1. HP: 17/17 MP: 4/4
     3 | D        | Found a bloodstained altar of Trog.
     3 | D        | Found a blossoming altar of Fedhas.
     4 | D        | Found an ancient bone altar of Kikubaaqudgha.
     4 | D        | Found a deep blue altar of Sif Muna.
     5 | D        | Found a radiant altar of Vehumet.
     5 | D        | Round 1.
     6 | D        | Found Pukhleece's Delicious Food.
     6 | D        | Found a stormy altar of Qazlal.
     6 | D        | Found a basalt altar of Yredelemnul.
     6 | D        | Found Xyklat's Identification Station.
     7 | D        | Found Beisei's Jewellery.
     7 | D        | Found Awkimp's Advanced Armour.
     7 | D        | Found a hide-covered altar of Uskayaw.
    14 | D        | Found a roughly hewn altar of Beogh.
    15 | D        | Found a sacrificial altar of Ru.
    16 | D        | Found a viscous altar of Jiyva.
    17 | D        | Found Ycoxoh's Premium Goods.
    18 | D        | Found Nimn's Miscellaneous Merchandise.
    18 | D        | Found Ugufapti's Basic Armour.
    19 | D        | Found a shadowy altar of Dithmenos.
    19 | D        | Found an ornate altar of the Wu Jian Council.
    19 | D        | Found Letem's Weapon Rack.
    23 | D        | Found a shimmering altar of Xom.
    24 | D        | Found a snail-covered altar of Cheibriados.
    25 | D        | Found an opulent altar of Gozag.
    69 | D        | Reached skill level 1 in Short Blades
    69 | D        | Reached skill level 1 in Long Blades
    69 | D        | Reached skill level 1 in Axes
    69 | D        | Reached skill level 1 in Maces & Flails
    69 | D        | Reached skill level 1 in Staves
    69 | D        | Reached skill level 1 in Slings
    69 | D        | Reached skill level 1 in Bows
    69 | D        | Reached skill level 1 in Crossbows
    69 | D        | Reached skill level 1 in Throwing
    69 | D        | Reached skill level 1 in Armour
    69 | D        | Reached skill level 1 in Stealth
    69 | D        | Reached skill level 1 in Shields
    69 | D        | Reached skill level 1 in Unarmed Combat
    69 | D        | Reached skill level 1 in Invocations
    69 | D        | Reached XP level 2. HP: 7/23 MP: 6/6
   115 | D        | Reached skill level 1 in Conjurations
   115 | D        | Reached skill level 1 in Hexes
   115 | D        | Reached skill level 1 in Charms
   115 | D        | Reached skill level 1 in Summonings
   115 | D        | Reached skill level 1 in Necromancy
   115 | D        | Reached skill level 1 in Transmutations
   115 | D        | Reached skill level 1 in Fire Magic
   115 | D        | Reached skill level 1 in Ice Magic
   115 | D        | Reached skill level 1 in Air Magic
   115 | D        | Reached skill level 1 in Earth Magic
   115 | D        | Reached skill level 1 in Poison Magic
   131 | D        | Noticed Terence
   134 | D        | Noticed Sigmund
   144 | D        | Killed Terence
   144 | D        | Reached skill level 5 in Evocations
   144 | D        | Reached XP level 3. HP: 29/29 MP: 8/8
   148 | D        | Reached skill level 7 in Dodging
   148 | D        | Reached XP level 4. HP: 36/36 MP: 9/9
   163 | D        | Slain by Sigmund

Vault maps used:
D:        arena_sprint

Skill      XL: |  1  2  3 |
---------------+----------+-----
Short Blades   | 1 2 |  2.5
Long Blades    | 1 2 |  2.5
Axes           | 1 2 |  2.5
Maces & Flails | 1 2 |  2.5
Staves         | 1 2 |  2.5
Slings         | 1 2 |  2.5
Bows           | 1 2 |  2.5
Crossbows      | 1 2 |  2.5
Throwing       | 1 2 |  2.5
Armour         | 1 2 |  2.5
Stealth        | 1 2 |  2.5
Shields        | 1 2 |  2.5
Unarmed Combat | 1 2 |  2.5
Spellcasting   | 3 |  3.8
Invocations    | 1 2 |  2.7
Fighting       | 3 |  3.6
Polearms       | 3 |  3.6
Conjurations   | 1 2 |  2.0
Hexes          | 1 2 |  2.0
Charms         | 1 2 |  2.0
Summonings     | 1 2 |  2.0
Necromancy     | 1 2 |  2.0
Transmutations | 1 2 |  2.0
Fire Magic     | 1 2 |  2.0
Ice Magic      | 1 2 |  2.0
Air Magic      | 1 2 |  2.0
Earth Magic    | 1 2 |  2.0
Poison Magic   | 1 2 |  2.0
Translocations | 4 |  4.3
Evocations     | 5 |  5.2
Dodging        | 7 |  7.0

Action                   |  1- 3 |  4- 6 || total
-------------------------+-------+-------++-------
Melee: Spear             |    38 |    13 ||    51
       Bite              |     3 |       ||     3
       Punch             |     1 |       ||     1
Evoke: Wand              |     1 |       ||     1
  Use: Potion            |     5 |       ||     5
Armor: Robe              |     3 |       ||     3
Dodge: Dodged            |    34 |     4 ||    38

Table legend:
 A = Spawn XP
 B = Non-spawn XP
 C = Spawn XP percentage of total XP
 D = Spawn monster count
 E = Non-spawn monster count
 F = Spawn count percentage of total count
 G = Total turns spent on level
                    A         B        C        D         E        F      G
               +---------+---------+-------+---------+---------+-------+---------
         Total |       0 |     103 |   0.0 |       0 |       4 |   0.0 |   163
               +---------+---------+-------+---------+---------+-------+---------
             D |       0 |     103 |   0.0 |       0 |       4 |   0.0 |   163
               +---------+---------+-------+---------+---------+-------+---------
